 Dungeon Crawl Stone Soup version 0.28-a0-79-g444c7a33f5 (webtiles) character file.

Game seed: 11779861870449423707

71 dracfodder the Skirmisher (level 4, -1/29 HPs)
             Began as a Gargoyle Berserker on Aug 4, 2021.
             Was a Believer of Trog.
             Slain by a killer bee (2 damage)
             ... on level 2 of the Dungeon.
             The game lasted 00:06:02 (2221 turns).

dracfodder the Skirmisher (Gargoyle Berserker)      Turns: 2221, Time: 00:06:03

Health: -1/29      AC:  6    Str: 20    XL:     4   Next: 24%
Magic:  4/4        EV: 11    Int:  9    God:    Trog [**....]
Gold:   136        SH:  0    Dex:  9    Spells: 3/3 levels left

rFire   . . .      SeeInvis .   a - +0 hand axe
rCold   . . .      Faith    .   (no shield)
rNeg    + . .      Spirit   .   b - +0 leather armour
rPois   ∞          Reflect  .   (no helmet)
rElec   +          Harm     .   (no cloak)
rCorr   .          Rampage  .   (no gloves)
Will    .....                   (no boots)
Stlth   +.........              (no amulet)
HPRegen 0.09/turn               (no ring)
MPRegen 0.09/turn               (no ring)

@: no status effects
A: sickness immunity, AC +3, negative energy resistance 1, electricity
resistance, torment resistance 1, petrification resistance
a: Renounce Religion, Berserk, Trog's Hand


You were on level 2 of the Dungeon.
You worshipped Trog.
Trog was pleased with you.
You visited 1 branch of the dungeon, and saw 3 of its levels.

You collected 136 gold pieces.

Inventory:

Hand Weapons
 a - a +0 hand axe (weapon)
Missiles
 e - 16 stones (quivered)
Armour
 b - a +0 leather armour (worn)
Wands
 m - a wand of polymorph (4)
Scrolls
 f - a scroll of silence {unknown}
 g - 2 scrolls of identify {unknown}
 h - a scroll of teleportation {unknown}
 i - a scroll of enchant armour {unknown}
 k - a scroll of vulnerability {unknown}
 o - a scroll of immolation {unknown}
Potions
 c - a potion of brilliance {unknown}
 d - a potion of cancellation {unknown}
 j - a potion of curing {unknown}
 l - a potion of heal wounds {unknown}
 n - a potion of lignification {unknown}


   Skills:
 + Level 4.0 Fighting
 + Level 3.3 Axes
 + Level 2.7 Armour
 + Level 2.1 Dodging
 + Level 0.6 Stealth


You had 3 spell levels left.
You didn't know any spells.
Your spell library was empty.

Dungeon Overview and Level Annotations

Branches:
Dungeon (3/15)

Altars:

Shops:
D:1 *   D:2 [


Innate Abilities, Weirdness & Mutations

You are immune to sickness and miasma.
Your stone body is resilient. (AC +3)
You are immune to poison.
You resist negative energy. (rN+)
You are resistant to electric shocks. (rElec)
You are resistant to unholy torment.
You are immune to petrification.


Message History

The killer bee stings you. The killer bee stings you!
The killer bee barely misses you.
You hit the killer bee but do no damage.
The killer bee is heavily wounded.
The killer bee stings you but does no damage.
The killer bee barely misses you.
You miss the killer bee.
The killer bee is heavily wounded.
The killer bee stings you. The killer bee closely misses you.
You hit the killer bee.
The killer bee is severely wounded.
The killer bee stings you but does no damage.
The killer bee stings you.
* * * LOW HITPOINT WARNING * * *
You miss the killer bee.
The killer bee is severely wounded.
The killer bee barely misses you.
The killer bee stings you but does no damage. x2
You miss the killer bee.
The killer bee is severely wounded.
The killer bee stings you but does no damage.
The killer bee closely misses you.
You hit the killer bee but do no damage.
The killer bee is severely wounded.
The killer bee stings you but does no damage.
The killer bee barely misses you.
You hit the killer bee but do no damage.
The killer bee is severely wounded.
The killer bee closely misses you. The killer bee stings you.
* * * LOW HITPOINT WARNING * * *
You hit the killer bee.
The killer bee is severely wounded.
The killer bee stings you but does no damage.
The killer bee stings you.
* * * LOW HITPOINT WARNING * * *
The killer bee barely misses you.
You miss the killer bee.
The killer bee is severely wounded.
The killer bee barely misses you. The killer bee stings you.
You die...

### ###..### ..#
#...[...
###.....##.....##
#...# #.......##
#.#.#.########.## #
#......# #)# ##
#.#####..# #.# #.
#.###.#.# ##'###.
#y@.##.# ##...##.
######.# ##.....#.
##.#.# ##........
####....###.........
..........+......†..
####....###.....>...
###...# ##........
#.....# ##.....##
#.##.## ##...##


You could see a killer bee.

Vanquished Creatures
  Jessica (D:2)
  A worm (D:2)
  A dart slug (D:1)
  A giant cockroach (D:1)
  3 goblins (D:1)
  6 hobgoblins
  A jackal (D:1)
  10 kobolds
  5 bats
  5 frilled lizards
  5 rats
39 creatures vanquished.

Vanquished Creatures (others)
  A plant (D:2)
  6 toadstools (D:1)
7 creatures vanquished.

Grand Total: 46 creatures vanquished

Notes
Turn   | Place    | Note
-------+----------+-------------------------------------------
     0 | D:1      | dracfodder the Gargoyle Berserker began the quest for the
                  | Orb.
     0 | D:1      | Reached XP level 1. HP: 14/14 MP: 1/1
   172 | D:1      | Found a faded altar of an unknown god.
   265 | D:1      | Found Baotrao's Assorted Antiques.
   316 | D:1      | Reached XP level 2. HP: 14/19 MP: 2/2
   808 | D:1      | Reached XP level 3. HP: 11/24 MP: 3/3
  1306 | D:2      | Reached ** piety under Trog
  1567 | D:2      | Found Diarun's Antique Armour Shoppe.
  1815 | D:2      | Noticed Jessica
  1827 | D:2      | Killed Jessica
  1828 | D:2      | Reached skill level 4 in Fighting
  1828 | D:2      | Reached XP level 4. HP: 20/29 MP: 4/4
  2220 | D:2      | HP: 1/29 [killer bee (3)]
  2221 | D:2      | Slain by a killer bee

Illustrated notes

Levels and vault maps discovered:
D:1:      dpeg_arrival_ternary, layout_basic, basic_ecumenical_altar,
          serial_shops, shop, shop, minmay_gold_behind_fungi,
          minmay_split_cup_small
D:2:      cheibrodos_old_hovel, layout_loops_corners, serial_shops,
          shop_fountains, lexackson_kobold_supper, uniq_jessica
D:3:      layout_basic, amcnicky_altar_gilded, amethyst_overflow_temple_binary,
          general_overflow_altar

Skill      XL: |  1  2  3 |
---------------+----------+-----
Axes           | 3 |  3.3
Fighting       | 4 |  4.0
Dodging        | 2 |  2.1
Armour         | |  2.7
Stealth        | |  0.6

Action                   |  1- 3 |  4- 6 || total
-------------------------+-------+-------++-------
Melee: Hand axe          |   130 |    27 ||   157
Invok: Berserk           |     1 |       ||     1
Evoke: Wand              |       |     1 ||     1
Armor: Animal skin       |    42 |       ||    42
       Leather armour    |    16 |    28 ||    44
Dodge: Dodged            |    84 |    34 ||   118

Table legend: (Time is in decaauts)
 A = Elapsed time spent in this place.
 B = Non-inter-level travel time spent in this place.
 C = Inter-level travel time spent in this place.
 D = Time resting spent in this place.
 E = Time spent auto-exploring this place.
 F = Levels seen in this place.
 G = Mean time per level.
                   A        B        C        D        E       F      G
               +--------+--------+--------+--------+--------+-----+--------+
         Total |   2250 |   2236 |     14 |    303 |   1516 |   3 |  750.0 |
       Dungeon |   2250 |   2236 |     14 |    303 |   1516 |   3 |  750.0 |
               +--------+--------+--------+--------+--------+-----+--------+

Top non-repeatable levels by time:
     D:2: 1427 daAuts
     D:1: 821 daAuts
     D:3: 1 daAuts
